 Dungeon Crawl Stone Soup version 0.24.1-14-gf8d2b509d9 (webtiles) character file.

Game seed: 11996555815287315289, levelgen mode: deterministic

4235 RaHiT the Magician (level 10, -3/81 HPs)
             Began as a Red Draconian Ice Elementalist on May 23, 2020.
             Was a Believer of Sif Muna.
             Slain by an orc warrior
             ... wielding a +0 halberd
              (22 damage)
             ... on level 9 of the Dungeon.
             The game lasted 01:09:03 (8736 turns).

RaHiT the Magician (Red Draconian Ice Elementalist) Turns: 8736, Time: 01:09:03

Health: -3/81      AC:  7    Str: 11    XL:     10   Next: 9%
Magic:  6/28       EV: 14    Int: 19    God:    Sif Muna [**....]
Gold:   394        SH:  5    Dex: 11    Spells: 6/22 levels left

rFire    . . .     SeeInvis .   a - +2 dagger (venom)
rCold    + . .     Gourm    .   M - +0 buckler
rNeg     . . .     Faith    +   (armour unavailable)
rPois    .         Spirit   .   (helmet restricted)
rElec    .         Reflect  .   (no cloak)
rCorr    .         Harm     .   (no gloves)
MR       .....                  (no boots)
Stlth    ++........             z - amulet of faith
HPRegen  0.23/turn              t - ring of magical power
MPRegen  0.21/turn              i - ring of ice

@: very slightly contaminated
A: breathe fire, unfitting armour, fire resistance 1, cold-blooded, AC +7
a: Breathe Fire, Channel Magic, Renounce Religion


You were on level 9 of the Dungeon.
You worshipped Sif Muna.
Sif Muna was pleased with you.
You were not hungry.

You visited 1 branch of the dungeon, and saw 9 of its levels.

You collected 394 gold pieces.

Inventory:

Hand Weapons
 a - a +2 dagger of venom (weapon)
 w - a +2 whip of freezing
 H - a +0 whip of electrocution
Missiles
 g - 257 stones
 j - 31 poisoned darts (quivered)
 m - 66 sling bullets
 v - 66 bolts
 C - 6 datura-tipped darts
 F - 5 silver boomerangs
 G - 8 boomerangs
 L - a throwing net
Armour
 I - a +2 shield
 M - a +0 buckler (worn)
Jewellery
 d - an uncursed ring of flight
 e - an uncursed amulet of rage
 i - a ring of ice (right hand)
 t - a ring of magical power (left hand)
 z - an amulet of faith (around neck)
 D - an uncursed ring of poison resistance
Wands
 h - a wand of acid (8)
 o - a wand of enslavement (6)
 x - a wand of disintegration (5)
 y - a wand of polymorph (7)
 B - a wand of paralysis (18)
 J - a wand of iceblast (8)
 R - a wand of scattershot (5)
Scrolls
 p - 3 scrolls of remove curse
 q - 2 scrolls of fog
 u - a scroll of random uselessness {unknown}
 E - a scroll of amnesia
 K - a scroll of teleportation
 N - 2 scrolls of immolation {unknown}
 O - a scroll of enchant weapon
 P - a scroll of enchant armour
Potions
 c - 3 potions of might
 f - 3 potions of resistance
 k - a potion of cancellation
 l - 2 potions of heal wounds
 n - 6 potions of curing
 r - 3 potions of agility
 s - 3 potions of flight
 A - 2 potions of berserk rage
Comestibles
 b - 15 rations
 Q - 5 chunks of flesh


   Skills:
 - Level 5.0 Fighting
 - Level 5.0 Dodging
 - Level 2.0 Stealth
 - Level 5.0 Shields
 + Level 6.6 Spellcasting
 * Level 4.5 Conjurations
 - Level 1.0 Charms
 - Level 3.0 Summonings
 + Level 6.1 Ice Magic
 - Level 3.0 Evocations


You had 6 spell levels left.
You knew the following spells:

 Your Spells              Type           Power        Failure   Level  Hunger
a - Freeze                Ice            ####         1%          1    None
b - Ozocubu's Armour      Chrm/Ice       ####....     8%          3    ##.....
c - Summon Ice Beast      Ice/Summ       #####...     16%         4    ####...
d - Throw Icicle          Conj/Ice       #####...     12%         4    ####...
e - Searing Ray           Conj           ###...       2%          2    None
f - Blink                 Tloc           N/A          16%         2    None

Your spell library contained the following spells:

 Spells                   Type           Power        Failure   Level  Hunger
 Magic Dart               Conj           ###.         1%          1    None
 Throw Frost              Conj/Ice       #####.       1%          2    None
 Call Imp                 Summ           ###.....     4%          2    None
 Conjure Flame            Conj/Fire      ##......     12%         3    ##.....
 Dazzling Spray           Conj/Hex       ##....       12%         3    ##.....
 Slow                     Hex            #.......     16%         2    None
 Iskenderun's Mystic Bla  Conj           ###.....     16%         4    ####...
 Mephitic Cloud           Conj/Pois/Air  ##......     17%         3    ##.....
 Force Lance              Conj/Tloc      ##......     38%         4    ####...
 Fulminant Prism          Conj/Hex       ##........   38%         4    ####...
 Iskenderun's Battlesphe  Conj/Chrm      ###.....     67%         5    #####..
 Bolt of Magma            Conj/Fire/Erth ##........   83%         5    #####..


Dungeon Overview and Level Annotations

Branches:
Dungeon (9/15)             Temple (0/1) D:7            Lair (0/6) D:9
    Orc: D:9-12

Altars:
Ashenzari
Makhleb
Nemelex Xobeh
Okawaru
Sif Muna
Yredelemnul
The Shining One

Annotations:
D:3 1 runed translucent door, brob1's ghost, amateur DrTm


Innate Abilities, Weirdness & Mutations

You can breathe blasts of fire.
Your fiery red scales are hard. (AC +7)
You cannot fit into any form of body armour.
Your flesh is heat resistant. (rF+)
You are cold-blooded and may be slowed by cold attacks.


Message History

Press: ? - help, Shift-Dir - straight line, f/p - orc warrior
Aim: an orc warrior, wielding a +0 halberd and wearing a +0 plate armour (almost dead, chance to defeat MR: 77%)
The wyvern is blasted!
The wyvern closely misses you.
Evoke which item? (* to show all) (? for menu, Esc to quit)
Aiming: Disintegrate
Press: ? - help, Shift-Dir - straight line, f/p - orc warrior
Aim: an orc warrior, wielding a +0 halberd and wearing a +0 plate armour (almost dead, chance to defeat MR: 77%)
The wyvern is blasted!!
You blow up the wyvern!
Sif Muna accepts your kill.
Casting: Blink (safe; 16% risk of failure)
Confirm with . or Enter, or press ? or * to list all spells.
Aiming: Throw Icicle (safe; 12% risk of failure)
Press: ? - help, Shift-Dir - straight line, f/p - orc warrior
Aim: an orc warrior, wielding a +0 halberd and wearing a +0 plate armour (almost dead)
You feel a surge of power!
The shard of ice hits the porcupine!
You kill the porcupine!
Sif Muna accepts your kill.
The orc warrior hits you from afar with a +0 halberd!!
You die...

#..#.......##.......... #..
#......%..............# #..
##..........##.....###..
...
#.#.......####.............
####......####.<..####.....
#........##.......##......
#..#####...o.##...........
#.....#...†h..#..#.##.....
##.......@......###.#.....
###......%....## #.......
##.........#####..##...
##............#.###...
##..%..%.##..........
##....#####........#.
#%...####.#..........
##...# #......##..... ##.##
#............#


You could see a warg and an orc warrior.

Vanquished Creatures
  A wyvern (D:9)
  Eustachio (D:5)
  2 porcupines
  A phantom (D:5)
  2 ogres
  2 orc warriors
  2 sky beasts
  2 centaurs
  A big kobold (D:7)
  6 bullfrogs
  4 gnoll sergeants
  3 scorpions (D:4)
  8 killer bees
  3 wights (D:7)
  3 centaur zombies
  A crimson imp (D:5)
  2 hounds (D:5)
  A jelly (D:5)
  6 orc priests
  2 bullfrog skeletons (D:7)
  9 orc wizards
  5 worker ants
  11 gnolls
  11 adders
  A shadow imp (D:9)
  4 oozes
  An adder skeleton (D:8)
  5 worms
  3 dart slugs
  2 leopard geckos
  23 orcs
  A ball python (D:6)
  7 giant cockroaches
  9 goblins
  3 hobgoblins (D:3)
  11 kobolds
  2 quokkas (D:5)
  7 bats
  4 frilled lizards
  12 rats
184 creatures vanquished.

Vanquished Creatures (collateral kills)
  Pikel (D:5)
  An orc warrior (D:7)
  An ice beast (D:7)
  3 orcs (D:7)
6 creatures vanquished.

Vanquished Creatures (others)
  A slave (D:5)
  A centaur (D:5)
  A worker ant (D:5)
  An orc (D:5)
  A bush (D:6)
  5 fungi (D:9)
10 creatures vanquished.

Grand Total: 200 creatures vanquished

Notes
Turn   | Place    | Note
-------+----------+-------------------------------------------
     0 | D:1      | RaHiT the Draconian Ice Elementalist began the quest for
                  | the Orb.
     0 | D:1      | Reached XP level 1. HP: 14/14 MP: 3/3
   458 | D:1      | Reached XP level 2. HP: 20/20 MP: 5/5
  1020 | D:2      | Reached XP level 3. HP: 27/27 MP: 6/6
  1274 | D:2      | Reached skill level 1 in Fighting
  1446 | D:3      | Reached skill level 1 in Evocations
  1501 | D:3      | Learned a level 3 spell: Ozocubu's Armour
  1559 | D:3      | Reached XP level 4. HP: 34/35 MP: 8/8
  1565 | D:3      | Learned a level 4 spell: Summon Ice Beast
  1633 | D:3      | Found a runed translucent door.
  1635 | D:3      | Noticed brob1's ghost (amateur DrTm)
  2291 | D:3      | Found an iron altar of Okawaru.
  2587 | D:4      | Reached XP level 5. HP: 41/41 MP: 6/10
  2667 | D:4      | Reached XP level 6. HP: 50/50 MP: 10/12
  2976 | D:4      | Found a basalt altar of Yredelemnul.
  3430 | D:5      | Entered Level 5 of the Dungeon
  3669 | D:5      | Your scales start taking on a fiery red colour.
  3669 | D:5      | Reached XP level 7. HP: 44/57 MP: 9/14
  3669 | D:5      | Gained mutation: Your flesh is heat resistant. (rF+) [Red
                  | Draconian growth]
  3876 | D:5      | Reached skill level 5 in Spellcasting
  3883 | D:5      | Learned a level 4 spell: Throw Icicle
  3886 | D:5      | Learned a level 2 spell: Searing Ray
  4107 | D:4      | Reached skill level 1 in Charms
  4107 | D:4      | Reached skill level 1 in Summonings
  4182 | D:5      | Noticed Pikel
  4342 | D:5      | Killed Pikel
  4342 | D:5      | Reached XP level 8. HP: 55/67 MP: 12/15
  5169 | D:6      | Noticed Eustachio
  5189 | D:5      | Killed Eustachio
  5189 | D:5      | Reached skill level 5 in Fighting
  5315 | D:5      | Reached skill level 5 in Ice Magic
  5456 | D:6      | Found a shattered altar of Ashenzari.
  5596 | D:6      | Reached skill level 1 in Shields
  5624 | D:6      | Reached XP level 9. HP: 50/74 MP: 17/17
  6068 | D:7      | Found a glowing golden altar of the Shining One.
  6068 | D:7      | Found a sparkling altar of Nemelex Xobeh.
  6068 | D:7      | Found a shimmering blue altar of Sif Muna.
  6068 | D:7      | Found a burning altar of Makhleb.
  6075 | D:7      | Became a worshipper of Sif Muna the Loreminder
  6333 | D:7      | Identified the cursed +0 scale mail of Undesirable Species
                  | {rC+ MR+ Str+2}
  6429 | D:7      | Identified Xuedoi's Volume of the Lethal Volcanoes
  6488 | D:7      | Reached skill level 5 in Dodging
  6559 | D:7      | Reached * piety under Sif Muna
  6932 | D:7      | Found a staircase to the Ecumenical Temple.
  8255 | D:9      | Found a staircase to the Lair.
  8267 | D:8      | Learned a level 2 spell: Blink
  8542 | D:9      | Reached XP level 10. HP: 66/81 MP: 6/19
  8548 | D:8      | Reached skill level 5 in Shields
  8676 | D:9      | Reached ** piety under Sif Muna
  8736 | D:9      | Slain by an orc warrior

Levels and vault maps discovered:
D:1:      noname_arrival_rooms_in_the_neighbourhood, layout_basic,
          bh_walls_and_bars
D:2:      layout_basic, st_stairs_7
D:3:      kennysheep_the_goblin_king, layout_loops_ring, lemuel_doored_altar,
          ebering_ghost_reflecting_pool, minmay_fractal_squares_diagonal_5
D:4:      layout_loops_corners, kennysheep_mini_moat
D:5:      layout_loops_ring, first_ration, uniq_pikel
D:6:      layout_cave_pools, old_standard_altar, kb_lookout_dungeons_type,
          kennysheep_generic_room_14, uniq_eustachio
D:7:      layout_rooms, chequers_temple_overflow_statue_of_worship,
          minmay_temple_entry_enclosed_plants, sword_in_stone
D:8:      layout_basic
D:9:      layout_cave_pools, xom_redecorated, due_lair_maze_entry_diamond,
          david_orc_1_choice

Skill      XL: |  1  2  3  4  5  6  7  8  9 10 |
---------------+-------------------------------+-----
Stealth        | 2 |  2.0
Dodging        | 2 3 4 5 |  5.0
Fighting       | 1 2 3 4 5 |  5.0
Evocations     | 1 2 3 |  3.0
Spellcasting   | 3 4 5 6 |  6.6
Ice Magic      | 4 3 4 5 6 |  6.1
Charms         | 1 |  1.0
Summonings     | 2 3 |  3.0
Conjurations   | 2 4 |  4.5
Shields        | 1 4 5 |  5.0

Action                   |  1- 3 |  4- 6 |  7- 9 | 10-12 || total
-------------------------+-------+-------+-------+-------++-------
Melee: Unarmed           |    22 |       |       |       ||    22
       Dagger            |    70 |    19 |   162 |    13 ||   264
       Tailslap          |     3 |    12 |    16 |       ||    31
       Flail             |       |    40 |    18 |       ||    58
       Whip              |       |       |    20 |       ||    20
Throw: Stone             |    86 |     9 |     1 |       ||    96
       Dart              |       |    58 |   128 |     5 ||   191
 Cast: Freeze            |    16 |    40 |    69 |     2 ||   127
       Ozocubu's Armour  |       |     4 |    16 |       ||    20
       Searing Ray       |       |       |    19 |       ||    19
       Summon Ice Beast  |       |       |     5 |       ||     5
       Throw Icicle      |       |       |    21 |     6 ||    27
       Blink             |       |       |       |     1 ||     1
 Abil: Breathe Fire      |       |       |    11 |       ||    11
       Evoke Berserk Rag |       |       |     1 |       ||     1
Evoke: Wand              |       |       |     3 |     3 ||     6
  Use: Scroll            |       |     8 |     8 |       ||    16
 Stab: Sleeping          |       |     1 |     1 |       ||     2
       Distracted        |       |       |     1 |       ||     1
  Eat: Chunk             |     2 |     7 |    17 |     2 ||    28
       Ration            |       |       |     2 |       ||     2
Armor: Skin              |    30 |    24 |    99 |     8 ||   161
Dodge: Dodged            |    64 |    71 |   226 |    10 ||   371
Block: Buckler           |       |       |    16 |     3 ||    19
